 Dungeon Crawl Stone Soup version 0.29.0-13-gc9e81de378 (webtiles) character file.

Game seed: 4184304320272465662

317662 Ashen the Gelid (level 20, -22/165 HPs)
             Began as a Demonspawn Ice Elementalist on Sept 6, 2022.
             Was the Champion of Vehumet.
             Killed from afar by an iron dragon (34 damage)
             ... with a spray of metal splinters
             ... on level 4 of the Vaults on Sept 7, 2022.
             The game lasted 04:04:33 (49004 turns).

Ashen the Gelid (Demonspawn Ice Elementalist)      Turns: 49004, Time: 04:04:33

Health: -22/165    AC: 13    Str: 13    XL:     20   Next: 56%
Magic:  31/48      EV: 18    Int: 32    God:    Vehumet [******]
Gold:   1331       SH: 13    Dex: 14    Spells: 5/49 levels left

rFire   + + .      SeeInvis .   x - staff of cold
rCold   + + .      Faith    .   V - +2 kite shield {reflect}
rNeg    . . .      Spirit   .   F - +2 robe {rC+ rF+}
rPois   .          Reflect  +   I - +2 helmet {Int+3}
rElec   .          Harm     .   c - +2 cloak {Will+}
rCorr   .          Rampage  .   (gloves unavailable)
Will    ++...      Clarity  +   (no boots)
Stlth   +++.......              Q - amulet of magic regeneration
HPRegen 0.37/turn               X - +6 ring of intelligence
MPRegen 0.71/turn               n - ring of magical power

@: about to teleport, unable to drink
A: molten scales 2, demonic guardian 2, spiny 3, bedeviling, demonic touch 3,
hooves 1, clarity, fire resistance 1, strong 1, wild magic 1, inability to drink
after injury 1
}: 2/15 runes: decaying, serpentine
a: Renounce Religion


You were on level 4 of the Vaults.
You worshipped Vehumet.
Vehumet was exalted by your worship.
You visited 7 branches of the dungeon, and saw 35 of its levels.
You also visited: Sewer and Ice Cave.

You collected 3709 gold pieces.
You spent 2378 gold pieces at shops.

Inventory:

Hand Weapons
 w - a +3 falchion of electrocution
 z - a +7 spectral demon blade
Armour
 c - a +2 cloak of willpower (worn)
 h - +0 swamp dragon scales
 F - a +2 robe of resistance (worn)
 G - a +3 buckler of resistance
 I - a +2 helmet of intelligence (worn)
 V - a +2 kite shield of reflection (worn)
Magical Staves
 x - a staff of cold (weapon)
 J - a staff of air
Jewellery
 f - an amulet of regeneration
 j - the ring of the City {rF++ AC+4 SInv}
   (You found it on level 12 of the Dungeon)

   [ring of protection]

   AC:        It affects your AC (+4).
   rF:        It greatly protects you from fire.
   SInv:      It lets you see invisible.
 n - a ring of magical power (right hand)
 p - a ring of ice
 v - a ring of positive energy
 B - a +6 ring of intelligence
 Q - an amulet of magic regeneration (around neck)
 T - a ring of wizardry
 X - a +6 ring of intelligence (left hand)
Wands
 a - a wand of polymorph (19)
 y - a wand of mindburst (15)
 H - a wand of digging (11)
 M - a wand of iceblast (7)
 P - a wand of acid (15)
 W - a wand of paralysis (18)
Scrolls
 i - 3 scrolls of silence
 l - 3 scrolls of magic mapping
 s - 17 scrolls of identify
 A - 7 scrolls of poison
 C - 10 scrolls of vulnerability
 K - 7 scrolls of immolation
 L - 14 scrolls of teleportation
 N - 4 scrolls of fog
 R - 3 scrolls of torment
 S - 2 scrolls of fear
 U - 4 scrolls of amnesia
 Z - a scroll of enchant armour
Potions
 b - 4 potions of magic
 d - 4 potions of flight
 e - 3 potions of lignification
 g - 8 potions of attraction
 k - 5 potions of mutation
 m - 4 potions of resistance
 o - 22 potions of curing
 q - 6 potions of might
 r - 4 potions of berserk rage
 t - 7 potions of haste
 u - 2 potions of invisibility
 D - 3 potions of ambrosia
 E - 5 potions of heal wounds
 O - 5 potions of brilliance
 Y - 3 potions of cancellation


   Skills:
 + Level 16.3 Fighting
 + Level 0.5 Long Blades
 - Level 15.0 Dodging
 - Level 5.0 Stealth
 - Level 10.0 Shields
 - Level 15.0 Spellcasting
 - Level 10.0 Conjurations
 + Level 9.0 Necromancy
 - Level 20.0 Ice Magic
 + Level 8.0 Air Magic


You had 5 spell levels left.
You knew the following spells:

 Your Spells              Type           Power      Damage    Failure   Level
a - Freeze                Ice            100%       1d11      1%          1
b - Frozen Ramparts       Ice            100%       1d16      1%          3
c - Ozocubu's Armour      Ice            100%       N/A       1%          3
d - Ozocubu's Refrigerat  Ice            69%        4d22      1%          7
e - Hailstorm             Conj/Ice       100%       3d20      1%          4
f - Mephitic Cloud        Conj/Pois/Air  69%        N/A       1%          3
g - Freezing Cloud        Conj/Ice/Air   58%        6-21      1%          5
h - Vampiric Draining     Necr           82%        2d11      1%          3
i - Lightning Bolt        Conj/Air       41%        1d60      1%          5
j - Animate Dead          Necr           82%        N/A       2%          4
k - Conjure Ball Lightni  Conj/Air       41%        3x3d13    6%          6

Your spell library contained the following spells:

 Spells                   Type           Power      Damage    Failure   Level
 Ignition                 Fire           15%        3d6       100%        8
 Lehudib's Crystal Spear  Conj/Erth      32%        10d8      100%        8
 Shatter                  Erth           15%        3d15*     100%        9
 Necrotise                Necr           100%       1d9       1%          1
 Sandblast                Erth           62%        2d14      1%          1
 Ensorcelled Hibernation  Hex/Ice        100%       N/A       1%          2
 Dazzling Flash           Conj/Hex       100%       N/A       1%          3
 Stone Arrow              Conj/Erth      100%       3d13      1%          3
 Swiftness                Air            78%        N/A       1%          3
 Airstrike                Air            39%        2d(6-22)  1%          4
 Dispel Undead            Necr           82%        3d27      2%          4
 Iskenderun's Mystic Bla  Conj/Tloc      64%        2d13      2%          4
 Metabolic Englaciation   Hex/Ice        65%        N/A       3%          5
 Ignite Poison            Fire/Tmut/Pois 31%        N/A       4%          3
 Agony                    Necr           82%        N/A       4%          5
 Corpse Rot               Necr/Pois/Air  68%        N/A       6%          4
 Apportation              Tloc           62%        N/A       7%          1
 Summon Small Mammal      Summ           100%       N/A       7%          1
 Passwall                 Tmut/Erth      25%        N/A       10%         2
 Summon Lightning Spire   Summ/Air       59%        N/A       12%         4
 Borgnjor's Vile Clutch   Necr/Erth      31%        N/A       24%         5
 Cause Fear               Hex            23%        N/A       45%         4
 Summon Forest            Summ/Tloc      15%        N/A       80%         5
 Summon Mana Viper        Hex/Summ       46%        N/A       80%         5
 Simulacrum               Ice/Necr       61%        N/A       3%          6
 Death Channel            Necr           41%        N/A       22%         6
 Starburst                Conj/Fire      32%        6d10      24%         6
 Summon Cactus Giant      Summ           15%        N/A       100%        6
 Dragon Form              Tmut           15%        N/A       100%        7
 Dragon's Call            Summ           15%        N/A       100%        9


Dungeon Overview and Level Annotations

Branches:
Dungeon (15/15)            Temple (1/1) D:4            Lair (5/5) D:9
  Swamp (4/4) Lair:2        Snake (4/4) Lair:2        Slime (0/5) Lair:5
    Orc (2/2) D:10            Elf (0/3) Orc:2        Vaults (4/5) D:13
  Crypt (0/3) Vaults:3     Depths (0/4) D:15          Sewer (visited)
  IceCv (visited)

Altars:
Ashenzari
Cheibriados
Dithmenos
Fedhas
Gozag
Hepliaklqana
Kikubaaqudgha
Makhleb
Nemelex Xobeh
Okawaru
Qazlal
Ru
Sif Muna
Trog
Uskayaw
Vehumet
Wu Jian
Xom
Yredelemnul
Jiyva

Shops:
D:4 (   D:11 *   D:13 *   Orc:2 [([   Snake:2 [([   Snake:3 ::=   Vaults:1 *(

Portals:
Bazaar: Vaults:3
Trove: D:14 (give +2 gold dragon scales)

Annotations:
D:4 Sigmund
D:12 3 runed translucent doors, exclusion: 3 doors, OdinFK's ghost, journeyman MeCA
D:13 1 exclusion
Swamp:4 3 runed translucent doors, exclusion: 3 doors, Plasmagod's ghost, adept MiFi; gabibbone's ghost, adept MiHu
Vaults:1 1 runed translucent door, exclusion: door, jt's ghost, adept PaIE
Vaults:3 exclusion: obsidian statue


Innate Abilities, Weirdness & Mutations

You are mostly covered in molten scales. (AC +3)
A demonic guardian rushes to your aid.
You are completely covered in sharp spines.
Your hexes are more powerful.
Your touch may irresistibly damage your foes and sap their willpower.
You have large cloven feet.
You possess an exceptional clarity of mind.
Your flesh is heat resistant. (rF+)
Your muscles are strong. (Str +4, Int/Dex -1)
Your spells are a little harder to cast, but a little more powerful.
You occasionally lose the ability to drink potions when taking damage.


Message History

The moth of wrath is severely wounded.
The tentacled monstrosity resists.
The tentacled monstrosity is lightly wounded.
The yaktaur captain is moderately wounded.
The white very ugly thing resists.
The white very ugly thing is lightly wounded.
The titan is moderately wounded.
The deep elf death mage is severely wounded.
You kill the sea snake!
Vehumet accepts your kill.
You feel your power returning.
The vault sentinel resists.
The vault sentinel is moderately wounded.
The iron dragon resists.
The iron dragon is lightly wounded.
A tentacled monstrosity opens the door.
The titan hits you!! The phantasmal warrior hits you!!
The deep elf death mage gestures at you while chanting.
The bolt of negative energy misses you.
A vault sentinel opens the door.
The moth of wrath goads the tentacled monstrosity on!
The tentacled monstrosity goes berserk!
The moth of wrath goads the yaktaur captain on!
The yaktaur captain goes berserk!
As you read the scroll of teleportation, it crumbles to dust.
You feel strangely unstable.
The moth of wrath goads the white very ugly thing on!
The white very ugly thing goes berserk!
The titan points at you and mumbles some strange words.
The bolt of lightning hits you!!!
You feel threatened and lose the ability to drink potions!
* * * LOW HITPOINT WARNING * * *
A demonic guardian appears!
You block the phantasmal warrior's attack.
The vault sentinel blows a loud note on a signal horn!
The tentacled monstrosity barely misses you.
The tentacled monstrosity tentacle-slaps you!!
* * * LOW HITPOINT WARNING * * *
The tentacled monstrosity barely misses you.
The iron dragon breathes metal splinters at you.
The spray of metal splinters hits you!!
You die... ..# #..''''''''''..########### ..# #..' '..# ..# #..' ++++++

'..# ..# #..'++?.[)+
'..# #### ###
#..'+'.y.C++'..# .....
..# #..'+'.pcOp+'..#
..... ..# #..'
+$eu.'+'..#...... ..#
#..' +eDWC+'..#.....9
..#
#..'++++X@++'..'......
..#
#..''''''3'''..#......
###
#..............#......
#..............# #####
################


You could see a tentacled monstrosity (berserk, ally target), an iron dragon
(catching breath), a titan, a white very ugly thing (berserk), a fire giant, a
yaktaur captain (berserk), 2 deep elf death magi, an ogre mage, 2 vault
sentinels, a moth of wrath shaped shifter, a phantasmal warrior and a friendly
smoke demon (summoned).

Vanquished Creatures
  Vashnia (Snake:4)
  2 Ice Fiends (IceCv)
  Asterion (Vaults:2)
  A titan (Vaults:4)
  A thorn hunter (Swamp:4)
  A tengu reaver (Vaults:4)
  3 nagarajas (Snake:4)
  A fenstrider witch (Swamp:4)
  An orc warlord (Vaults:4)
  A ghoul (Swamp:1)
  11 ironbound preservers
  13 vault wardens
  A war gargoyle (Vaults:4)
  7 ironbound thunderhulks
  9 very ugly things
  5 eleionomae
  14 dire elephants
  An entropy weaver (Vaults:3)
  3 bunyips
  2 crystal guardians (Vaults:4)
  A deep elf high priest (Vaults:4)
  2 great orbs of eyes
  13 yaktaur captains
  A shambling mangrove (Swamp:3)
  7 vault guards
  A ghost crab (Swamp:4)
  A rakshasa (D:15)
  8 boulder beetles
  4 catoblepae
  An ogre mage (D:15)
  2 peacekeepers (Vaults:4)
  5 salamander tyrants
  2 caustic shrike simulacra (IceCv)
  24 hydras
  8 ironbound frosthearts
  4 centaur warriors
  8 two-headed ogres
  3 alligators
  30 death yaks
  13 naga warriors
  12 anacondas
  4 orc high priests (Orc:2)
  14 naga sharpshooters
  2 tengu warriors (D:14)
  6 shock serpents
  4 spriggans
  4 goliath frogs
  8 salamander mystics
  3 anaconda zombies
  9 swamp dragons
  2 spriggan druids
  A sea snake (shapeshifter) (Vaults:4)
  9 naga ritualists
  3 wizards
  38 deep trolls
  A spriggan simulacrum (IceCv)
  An orange crystal statue (Vaults:3)
  11 bog bodies
  7 ironbound convokers
  7 orc knights
  2 obsidian statues (IceCv)
  Pikel (D:4)
  3 phantasmal warriors
  2 necromancers
  3 orc sorcerers (Orc:2)
  8 mana vipers
  8 lindwurms
  2 deep elf pyromancers
  24 ugly things
  14 salamanders
  3 will-o-the-wisps
  7 cyclopes
  9 elephants
  2 manticores (Lair:5)
  33 black mambas
  10 guardian serpents
  4 centaur zombies (D:8)
  15 naga magi
  An ice statue (Swamp:1)
  A stone giant skeleton (Vaults:3)
  24 vault sentinels
  2 gargoyles
  A centaur skeleton (D:8)
  An unseen horror (D:12)
  Maggie (D:6)
  A torpor snail (Lair:5)
  15 cane toads
  3 rime drakes
  2 kobold demonologists
  9 komodo dragons
  An elf zombie (Vaults:3)
  2 efreet
  4 freezing wraiths
  24 yaktaurs
  2 mana viper zombies (Snake:2)
  2 hellwings (D:8)
  An ice devil (IceCv)
  6 polar bears
  5 trolls
  3 golden dragon simulacra (IceCv)
  2 bloated husks
  6 hornets
  A tengu simulacrum (Vaults:3)
  Grinder (D:6)
  4 tyrant leeches
  36 slime creatures
  12 blink frogs
  A dream sheep (shapeshifter) (D:15)
  2 human simulacra
  3 vampires
  A black mamba zombie (Snake:4)
  6 wraiths
  2 water elementals (D:14)
  An ettin skeleton (Vaults:3)
  4 wyverns
  61 yaks
  4 basilisks
  A steam dragon (D:8)
  8 vampire mosquitoes
  4 wargs
  3 acid dragons
  5 hydra simulacra (IceCv)
  23 swamp worms
  8 water moccasins
  31 nagas
  A water moccasin (shapeshifter) (D:13)
  Duvessa (D:4)
  33 orc warriors
  5 swamp drakes
  3 ettin simulacra (IceCv)
  2 black bears
  A hornet zombie (Swamp:3)
  13 ogres
  2 elf simulacra (Vaults:2)
  14 wolves
  5 boggarts (D:15)
  10 centaurs
  2 kobold brigands
  3 phantoms (D:5)
  4 necrophages (Swamp:1)
  9 bullfrogs
  A salamander zombie (Snake:3)
  2 gnoll sergeants
  3 scorpions
  9 wights
  3 naga zombies
  Dowan (D:4)
  5 electric eels (D:14)
  5 howler monkeys
  A jelly (D:5)
  4 gnoll boudas
  A hound (D:4)
  37 orc priests
  3 iguanas
  41 orc wizards
  Ijyb (D:4)
  6 adders
  32 gnolls
  A swamp drake zombie (Swamp:4)
  6 shadow imps
  3 white imps
  A worm (D:4)
  3 dart slugs
  82 orcs
  5 bats
  8 endoplasms
  6 giant cockroaches
  7 goblins
  8 hobgoblins
  8 jackals
  10 kobolds
  3 quokkas
  6 ball pythons
  5 frilled lizards
  3 rats
  9 briar patches (Swamp:4)
  A butterfly (Lair:3)
1292 creatures vanquished.

Vanquished Creatures (collateral kills)
  Nikola (Swamp:4)
  Aizul (Vaults:3)
  An ironbound thunderhulk (Vaults:1)
  An eleionoma (Swamp:3)
  3 hydras (Swamp:4)
  A caustic shrike simulacrum (IceCv)
  An alligator (Swamp:4)
  A naga warrior (Snake:4)
  3 anacondas (Snake:3)
  2 death yaks (Lair:3)
  A shock serpent (Snake:3)
  A deep troll (Vaults:3)
  A bog body (IceCv)
  A naga ritualist (Snake:3)
  2 lindwurms (Vaults:3)
  2 swamp dragons (Swamp:4)
  6 mana vipers
  2 salamanders
  2 will-o-the-wisps
  2 naga magi (Snake:3)
  10 black mambas
  An ice statue (Swamp:1)
  A guardian serpent (Snake:3)
  A cane toad (Lair:1)
  2 rime drakes (Swamp:4)
  A mana viper zombie (Snake:2)
  A black mamba zombie (Snake:2)
  A slime creature (D:15)
  2 yaks (Lair:5)
  2 swamp worms (Swamp:4)
  A minotaur simulacrum (IceCv)
  10 nagas
  A water moccasin (Lair:4)
  3 orc warriors
  2 swamp drakes (Swamp:4)
  6 naga zombies
  An ogre (Orc:2)
  2 orc priests
  An orc wizard (Orc:1)
  A gnoll (Orc:1)
  4 orcs
  5 ball lightnings
94 creatures vanquished.

Vanquished Creatures (others)
  A bunyip zombie (Swamp:4)
  4 anaconda zombies
  2 shock serpent zombies (Snake:3)
  A swamp worm zombie (Swamp:4)
  A tengu conjurer (D:14)
  3 mana viper zombies
  2 hydra zombies (Swamp:4)
  3 bloated husks
  A tyrant leech (Swamp:4)
  A guardian serpent zombie (Snake:4)
  An alligator zombie (Swamp:2)
  9 black mamba zombies
  2 swamp dragon zombies (Swamp:4)
  A hornet zombie (Swamp:3)
  A rime drake zombie (Swamp:4)
  4 salamander zombies (Snake:3)
  14 naga zombies
  115 ball lightnings
  23 foxfires
  38 fungi
  51 plants
  17 withered plants
295 creatures vanquished.

Grand Total: 1681 creatures vanquished

Notes
Turn   | Place    | Note
-------+----------+-------------------------------------------
     0 | D:1      | Ashen the Demonspawn Ice Elementalist began the quest for
                  | the Orb.
     0 | D:1      | Reached XP level 1. HP: 13/13 MP: 3/3
   525 | D:1      | Gained mutation: You are partially covered in molten
                  | scales. (AC +2) [demonic ancestry]
   525 | D:1      | Reached XP level 2. HP: 20/20 MP: 0/5
  1086 | D:1      | Reached skill level 1 in Fighting
  1327 | D:1      | Reached XP level 3. HP: 26/26 MP: 6/6
  1888 | D:2      | Learned a level 3 spell: Frozen Ramparts
  2496 | D:3      | Found a snail-covered altar of Cheibriados.
  2746 | D:3      | Reached skill level 4 in Ice Magic
  2746 | D:3      | Reached XP level 4. HP: 31/32 MP: 7/7
  2750 | D:3      | Learned a level 3 spell: Ozocubu's Armour
  3109 | D:3      | Noticed a centaur
  3119 | D:3      | Killed a centaur
  3120 | D:3      | Gained mutation: Your touch may inflict minor irresistible
                  | damage on your foes. [demonic ancestry]
  3120 | D:3      | Reached XP level 5. HP: 30/38 MP: 2/9
  3203 | D:3      | Found a hazy altar of Hepliaklqana.
  3339 | D:3      | Noticed an angel
  3412 | D:4      | Found Upixkiz's Antique Weapon Boutique.
  3528 | D:4      | Noticed a black bear
  3542 | D:4      | Killed a black bear
  3543 | D:4      | Gained mutation: You are partially covered in sharp spines.
                  | [demonic ancestry]
  3543 | D:4      | Reached XP level 6. HP: 40/46 MP: 0/10
  3547 | D:4      | Noticed Dowan
  3549 | D:4      | Noticed Duvessa
  3716 | D:4      | Noticed Sigmund
  3917 | D:4      | Killed Duvessa
  4014 | D:3      | Learned a level 1 spell: Necrotise
  4019 | D:3      | Learned a level 4 spell: Hailstorm
  4050 | D:4      | Killed Dowan
  4051 | D:4      | Gained mutation: Your touch may inflict irresistible damage
                  | on your foes. [demonic ancestry]
  4051 | D:4      | Reached XP level 7. HP: 34/52 MP: 2/12
  4113 | D:4      | Noticed Pikel
  4386 | D:4      | Found a staircase to the Ecumenical Temple.
  4392 | D:4      | Reached skill level 1 in Necromancy
  4394 | Temple   | Entered the Ecumenical Temple
  4400 | Temple   | Became a worshipper of Vehumet
  4574 | D:4      | Found a burning altar of Makhleb.
  4579 | D:4      | Noticed Ijyb
  4591 | D:4      | Killed Ijyb
  4870 | D:4      | Killed Pikel
  4871 | D:4      | Reached skill level 1 in Conjurations
  4871 | D:4      | Reached skill level 5 in Ice Magic
  4871 | D:4      | Reached XP level 8. HP: 13/58 MP: 2/14
  5121 | D:5      | Entered Level 5 of the Dungeon
  5217 | D:5      | Found a hide-covered altar of Uskayaw.
  5309 | D:5      | Found a glowing drain.
  5318 | D:5      | Reached skill level 5 in Stealth
  5346 | Sewer    | Entered a sewer
  5846 | D:5      | Found a sparkling altar of Nemelex Xobeh.
  5850 | D:5      | Identified the +4 scale mail of Rian Ibbi {rElec}
  6152 | D:6      | Reached * piety under Vehumet
  6152 | D:6      | Offered knowledge of Magic Dart by Vehumet.
  6153 | D:6      | Gained mutation: Your touch may irresistibly damage your
                  | foes and sap their willpower. [demonic ancestry]
  6153 | D:6      | Reached XP level 9. HP: 63/66 MP: 12/16
  6173 | D:6      | Noticed Maggie
  6174 | D:6      | Noticed Grinder
  6239 | D:6      | Killed Maggie
  6240 | D:6      | Reached skill level 5 in Spellcasting
  6240 | D:6      | Reached skill level 6 in Ice Magic
  6311 | D:6      | Found a basalt altar of Yredelemnul.
  6366 | D:6      | Paralysed by Grinder for 4 turns
  6380 | D:6      | Killed Grinder
  6381 | D:6      | Reached skill level 5 in Fighting
  6381 | D:6      | Reached skill level 5 in Dodging
  7016 | D:7      | Found an ancient bone altar of Kikubaaqudgha.
  7382 | D:7      | Reached ** piety under Vehumet
  7455 | D:7      | Gained mutation: You are dopey. (Int -2) [potion of
                  | mutation]
  7552 | D:7      | Offered knowledge of Poisonous Vapours by Vehumet.
  7555 | D:7      | Found a shimmering blue altar of Sif Muna.
  7690 | D:7      | Found a shadowy altar of Dithmenos.
  7718 | D:8      | Noticed a hellwing
  7719 | D:8      | Noticed a hellwing
  7803 | D:8      | Reached skill level 5 in Conjurations
  7874 | D:8      | Gained mutation: A weak demonic guardian rushes to your
                  | aid. [demonic ancestry]
  7874 | D:8      | Reached XP level 10. HP: 62/76 MP: 19/19
  8039 | D:8      | Reached skill level 7 in Ice Magic
  8180 | D:8      | Offered knowledge of Conjure Flame by Vehumet.
  8322 | D:8      | Lost mutation: You are dopey. (Int -2) [potion of mutation]
  8322 | D:8      | Gained mutation: You have hidden genetic potential. [potion
                  | of mutation]
  8322 | D:8      | Gained mutation: Your spells are a little harder to cast,
                  | but a little more powerful. [potion of mutation]
  8322 | D:8      | Gained mutation: You possess an exceptional clarity of
                  | mind. [potion of mutation]
  8322 | D:8      | Gained mutation: You have large cloven feet. [potion of
                  | mutation]
  8674 | D:9      | Found a bloodstained altar of Trog.
  8702 | D:9      | Reached *** piety under Vehumet
  8930 | D:9      | Paralysed by a hornet for 3 turns
  9286 | D:9      | Gained mutation: You are mostly covered in sharp spines.
                  | [demonic ancestry]
  9286 | D:9      | Reached XP level 11. HP: 80/84 MP: 17/21
  9357 | D:9      | Noticed a two-headed ogre
  9379 | D:9      | Killed a two-headed ogre
  9379 | D:9      | Offered knowledge of Mephitic Cloud by Vehumet.
  9384 | D:9      | Learned a level 3 spell: Mephitic Cloud
  9512 | D:9      | Found an iron altar of Okawaru.
  9575 | D:9      | Found a staircase to the Lair.
  9692 | D:10     | Entered Level 10 of the Dungeon
  9739 | D:10     | Reached skill level 8 in Ice Magic
  9759 | D:10     | Gained mutation: Your flesh is heat resistant. (rF+)
                  | [hidden potential]
  9872 | D:10     | Found a staircase to the Orcish Mines.
 10049 | D:10     | Reached **** piety under Vehumet
 10049 | D:10     | Offered knowledge of Iskenderun's Battlesphere by Vehumet.
 10359 | Orc:1    | Entered Level 1 of the Orcish Mines
 10560 | Orc:2    | Entered Level 2 of the Orcish Mines
 10568 | Orc:2    | Noticed an orc sorcerer
 10683 | Orc:2    | Killed an orc sorcerer
 10686 | Orc:2    | Noticed an orc sorcerer
 10686 | Orc:2    | Noticed a two-headed ogre
 10695 | Orc:2    | Killed an orc sorcerer
 10695 | Orc:2    | Killed a two-headed ogre
 10891 | Orc:2    | Reached ***** piety under Vehumet
 10891 | Orc:2    | Noticed an orc high priest
 10892 | Orc:2    | Offered knowledge of Iron Shot by Vehumet.
 10894 | Orc:2    | Noticed a soul eater
 10902 | Orc:2    | Killed an orc high priest
 10903 | Orc:2    | Gained mutation: You are mostly covered in molten scales.
                  | (AC +3) [demonic ancestry]
 10903 | Orc:2    | Reached XP level 12. HP: 67/94 MP: 14/24
 10907 | Orc:2    | Noticed an orc high priest
 11015 | Orc:2    | Killed an orc high priest
 11016 | Orc:2    | Reached skill level 9 in Ice Magic
 11029 | Orc:2    | Noticed an orc high priest
 11036 | Orc:2    | Killed an orc high priest
 11043 | Orc:2    | Gained mutation: Your muscles are strong. (Str +4, Int/Dex
                  | -1) [hidden potential]
 11043 | Orc:2    | Lost mutation: You have hidden genetic potential. [hidden
                  | potential expressed]
 11197 | Orc:2    | Noticed an orc high priest
 11223 | Orc:2    | Killed an orc high priest
 11431 | Orc:2    | Found Dima's Weapon Boutique.
 11431 | Orc:2    | Found Epreras's Armour Shop.
 11440 | Orc:2    | Found Dasexzei's Magic Scroll Shop.
 11458 | Orc:2    | Found Temed's Antique Armour Boutique.
 11474 | Orc:2    | Bought a glowing helmet for 202 gold pieces
 11486 | Orc:2    | Bought a scroll of poison for 56 gold pieces
 11486 | Orc:2    | Bought a scroll of teleportation for 42 gold pieces
 11486 | Orc:2    | Bought a scroll of fog for 56 gold pieces
 11486 | Orc:2    | Bought a scroll of identify for 28 gold pieces
 11486 | Orc:2    | Bought a scroll of identify for 28 gold pieces
 11486 | Orc:2    | Bought a scroll of amnesia for 56 gold pieces
 11486 | Orc:2    | Bought a scroll of teleportation for 42 gold pieces
 11486 | Orc:2    | Bought a scroll of identify for 28 gold pieces
 11493 | Orc:2    | Bought a glowing robe for 99 gold pieces
 11776 | Orc:2    | Found a staircase to the Elven Halls.
 12539 | Lair:1   | Entered Level 1 of the Lair of Beasts
 12551 | Lair:1   | Noticed a six-headed hydra
 12558 | Lair:1   | Killed a six-headed hydra
 12611 | Lair:1   | Offered knowledge of Lee's Rapid Deconstruction by Vehumet.
 13282 | Lair:1   | Reached XP level 13. HP: 88/103 MP: 14/26
 13288 | Lair:1   | Reached skill level 10 in Fighting
 13294 | Lair:1   | Reached skill level 10 in Ice Magic
 14011 | Lair:2   | Reached skill level 10 in Conjurations
 14427 | Lair:2   | Found a staircase to the Snake Pit.
 14430 | Lair:2   | Reached skill level 10 in Spellcasting
 14438 | Lair:2   | Reached skill level 10 in Dodging
 14844 | Lair:2   | Found a staircase to the Swamp.
 15297 | Lair:3   | Offered knowledge of Freezing Cloud by Vehumet.
 15304 | Lair:3   | Learned a level 5 spell: Freezing Cloud
 15849 | Lair:3   | Gained mutation: A demonic guardian rushes to your aid.
                  | [demonic ancestry]
 15849 | Lair:3   | Reached XP level 14. HP: 111/111 MP: 20/28
 16595 | Lair:4   | Reached skill level 11 in Ice Magic
 17069 | Lair:5   | Entered Level 5 of the Lair of Beasts
 17843 | Lair:5   | Found a viscous altar of Jiyva.
 17844 | Lair:5   | Found a staircase to the Slime Pits.
 17919 | Lair:5   | Learned a level 3 spell: Vampiric Draining
 18499 | Lair:5   | Reached ****** piety under Vehumet
 18853 | D:11     | Reached XP level 15. HP: 103/121 MP: 9/30
 18855 | D:11     | Offered knowledge of Yara's Violent Unravelling by Vehumet.
 18872 | D:11     | Reached skill level 12 in Ice Magic
 19713 | D:11     | Found Hitwun's Assorted Antiques.
 19723 | D:11     | Bought a potion of curing for 87 gold pieces
 19723 | D:11     | Bought a scroll of noise for 29 gold pieces
 19723 | D:11     | Bought a scroll of identify for 58 gold pieces
 19787 | D:12     | Identified the ring of the City {rF++ AC+4 SInv}
 19898 | D:12     | Paralysed by something for 3 turns
 20085 | D:12     | Found a runed translucent gate.
 20086 | D:12     | Noticed OdinFK's ghost (journeyman MeCA)
 20090 | D:12     | Noticed a sphinx
 20091 | D:12     | Found a runed translucent gate.
 20091 | D:12     | Found an opulent altar of Gozag.
 20093 | D:12     | Found a runed translucent gate.
 21078 | D:13     | Found Lynteej's Neck Hole.
 21140 | D:13     | Found a gate to the Vaults.
 21700 | D:14     | Found a portal to a secret trove of treasure.
 21928 | D:14     | Identified the +10 trident of the Extremes {speed, Fly rF+
                  | SInv}
 22878 | D:15     | Entered Level 15 of the Dungeon
 23018 | D:15     | Offered knowledge of Lightning Bolt by Vehumet.
 23019 | D:15     | Reached skill level 1 in Shields
 23134 | D:15     | Found an ornate altar of the Wu Jian Council.
 23847 | D:15     | Found a staircase to the Depths.
 24078 | D:15     | Upgraded the game from 0.29.0-11-gd7f09526c8 to
                  | 0.29.0-13-gc9e81de378
 24305 | Swamp:1  | Entered Level 1 of the Swamp
 24439 | Swamp:1  | Reached XP level 16. HP: 131/131 MP: 22/32
 24439 | Swamp:1  | Found a frozen archway.
 24450 | Swamp:1  | Learned a level 5 spell: Lightning Bolt
 24515 | IceCv    | Entered an ice cave
 25188 | IceCv    | Gained mutation: You occasionally lose the ability to drink
                  | potions when taking damage. [a neqoxec]
 25189 | IceCv    | Reached skill level 13 in Ice Magic
 25453 | IceCv    | HP: 5/131 [caustic shrike simulacrum (15)]
 26140 | IceCv    | Noticed an Ice Fiend
 26140 | IceCv    | Noticed an Ice Fiend
 26426 | IceCv    | Killed an Ice Fiend
 26776 | IceCv    | Killed an Ice Fiend
 26786 | IceCv    | Identified the +0 pair of gloves of Paranoia {rF+ Str+2
                  | Stlth+}
 27124 | Swamp:1  | Identified the +6 great mace of Terrible Fortitude {spect,
                  | Will++ Dex+2}
 28349 | Swamp:2  | Reached skill level 5 in Necromancy
 28355 | Swamp:2  | Learned a level 4 spell: Animate Dead
 29088 | Swamp:2  | Found a sparkling altar of Nemelex Xobeh.
 29303 | Swamp:3  | Noticed a tentacled monstrosity
 30713 | Swamp:3  | Offered knowledge of Conjure Ball Lightning by Vehumet.
 31150 | Swamp:3  | Reached skill level 5 in Shields
 31795 | Swamp:4  | Entered Level 4 of the Swamp
 31797 | Swamp:4  | Noticed Nikola
 31833 | Swamp:3  | Learned a level 6 spell: Conjure Ball Lightning
 32154 | Swamp:4  | Reached skill level 14 in Ice Magic
 32155 | Swamp:4  | Found a runed translucent gate.
 32155 | Swamp:4  | Found a runed translucent gate.
 32155 | Swamp:4  | Found a runed translucent gate.
 32155 | Swamp:4  | Noticed gabibbone's ghost (adept MiHu)
 32157 | Swamp:4  | Noticed Plasmagod's ghost (adept MiFi)
 32536 | Swamp:4  | Reached XP level 17. HP: 117/139 MP: 28/34
 33040 | Swamp:4  | Killed Nikola
 33093 | Swamp:4  | Got a decaying rune of Zot
 33434 | Snake:1  | Entered Level 1 of the Snake Pit
 34277 | Snake:1  | Reached skill level 1 in Air Magic
 34919 | Snake:2  | Offered knowledge of Ozocubu's Refrigeration by Vehumet.
 34929 | Snake:2  | Learned a level 7 spell: Ozocubu's Refrigeration
 34942 | Snake:2  | Reached skill level 15 in Ice Magic
 35247 | Snake:2  | Found Ysudd's Armour Shoppe.
 35249 | Snake:2  | Found Reah's Weapon Emporium.
 35253 | Snake:2  | Found Ywave's Antique Armour Shoppe.
 35260 | Snake:2  | Bought a faintly humming leather armour for 224 gold pieces
 35260 | Snake:2  | Identified the +2 leather armour of the Stone Wall {rElec}
                  | (You bought it in a shop on level 2 of the Snake Pit)
 36109 | Snake:3  | Found Qiptetse's Book Emporium.
 36142 | Snake:3  | Reached skill level 15 in Fighting
 36367 | Snake:3  | Found Baipn's Jewellery Boutique.
 36367 | Snake:3  | Found Terchyam's Book Emporium.
 36373 | Snake:3  | Bought a book of Winter for 408 gold pieces
 36741 | Snake:4  | Entered Level 4 of the Snake Pit
 36763 | Snake:3  | Reached XP level 18. HP: 114/149 MP: 26/36
 36880 | Snake:4  | Reached skill level 5 in Air Magic
 36954 | Snake:4  | Offered knowledge of Lehudib's Crystal Spear by Vehumet.
 36954 | Snake:4  | Offered knowledge of Shatter by Vehumet.
 36954 | Snake:4  | Offered knowledge of Ignition by Vehumet.
 37425 | Snake:4  | Noticed Vashnia
 37604 | Snake:4  | Reached skill level 15 in Dodging
 37611 | Snake:4  | Reached skill level 15 in Spellcasting
 38357 | Snake:4  | Killed Vashnia
 38358 | Snake:4  | Reached skill level 16 in Ice Magic
 38604 | Snake:4  | Got a serpentine rune of Zot
 38987 | Vaults:1 | Entered Level 1 of the Vaults
 39005 | Vaults:1 | Found Etwinuch's Assorted Antiques.
 39014 | Vaults:1 | Bought a scroll of magic mapping for 292 gold pieces
 39014 | Vaults:1 | Bought a scroll of brand weapon for 370 gold pieces
 39014 | Vaults:1 | Bought a scroll of fear for 156 gold pieces
 39014 | Vaults:1 | Bought a scroll of teleportation for 117 gold pieces
 39246 | Vaults:1 | Reached skill level 10 in Shields
 39304 | Vaults:1 | Identified the +7 war axe "Legh" {vorpal, Will+}
 39618 | Vaults:1 | Reached skill level 17 in Ice Magic
 39961 | Vaults:1 | Found a runed translucent door.
 39964 | Vaults:1 | Noticed jt's ghost (adept PaIE)
 40061 | Vaults:1 | Found Wodo's Weapon Shoppe.
 40611 | Vaults:2 | Gained mutation: Your hexes are more powerful. [demonic
                  | ancestry]
 40611 | Vaults:2 | Reached XP level 19. HP: 100/155 MP: 6/38
 41035 | Vaults:2 | Paralysed by a great orb of eyes for 2 turns
 41050 | Vaults:2 | Reached skill level 18 in Ice Magic
 42224 | Vaults:2 | Noticed Asterion
 42230 | Vaults:2 | Killed Asterion
 42904 | Vaults:2 | Reached skill level 19 in Ice Magic
 43113 | Vaults:3 | Found a gateway to a bazaar.
 43581 | Vaults:3 | Noticed Aizul
 43603 | Vaults:3 | Killed Aizul
 43862 | Vaults:3 | Reached skill level 20 in Ice Magic
 43977 | Vaults:3 | Found a staircase to the Crypt.
 44580 | Vaults:3 | Gained mutation: You are completely covered in sharp
                  | spines. [demonic ancestry]
 44580 | Vaults:3 | Reached XP level 20. HP: 18/157 MP: 9/39
 48184 | Vaults:4 | Found a huge runed gate.
 48184 | Vaults:4 | Found a huge runed gate.
 48184 | Vaults:4 | Found a huge runed gate.
 48184 | Vaults:4 | Found a huge runed gate.
 48184 | Vaults:4 | Found a huge runed gate.
 48184 | Vaults:4 | Found a huge runed gate.
 48185 | Vaults:4 | Found a huge runed gate.
 48185 | Vaults:4 | Found a huge runed gate.
 48185 | Vaults:4 | Found a huge runed gate.
 48185 | Vaults:4 | Found a huge runed gate.
 48185 | Vaults:4 | Found a huge runed gate.
 48222 | Vaults:4 | Found a huge runed gate.
 48223 | Vaults:4 | Found a huge runed gate.
 48224 | Vaults:4 | Found a huge runed gate.
 48225 | Vaults:4 | Found a huge runed gate.
 48839 | Vaults:4 | Found a huge runed gate.
 48840 | Vaults:4 | Found a huge runed gate.
 48841 | Vaults:4 | Found a huge runed gate.
 48842 | Vaults:4 | Found a huge runed gate.
 48851 | Vaults:4 | Found a huge runed gate.
 48851 | Vaults:4 | Found a huge runed gate.
 48851 | Vaults:4 | Found a huge runed gate.
 48851 | Vaults:4 | Found a huge runed gate.
 48851 | Vaults:4 | Found a huge runed gate.
 48851 | Vaults:4 | Found a huge runed gate.
 48852 | Vaults:4 | Found a huge runed gate.
 48853 | Vaults:4 | Found a huge runed gate.
 48854 | Vaults:4 | Found a huge runed gate.
 48862 | Vaults:4 | Found a huge runed gate.
 48862 | Vaults:4 | Found a huge runed gate.
 48862 | Vaults:4 | Found a huge runed gate.
 48862 | Vaults:4 | Found a huge runed gate.
 48862 | Vaults:4 | Found a huge runed gate.
 48862 | Vaults:4 | Found a huge runed gate.
 48863 | Vaults:4 | Found a huge runed gate.
 48864 | Vaults:4 | Found a huge runed gate.
 49004 | Vaults:4 | Killed from afar by an iron dragon

Illustrated notes

Levels and vault maps discovered:
D:1:      dpeg_arrival_another_circle, layout_loops_corners
D:2:      minmay_spotlight, layout_loops_ring, serial_bayou,
          serial_bayou_shore_b, serial_bayou_pond_a, serial_bayou_lagoon_b,
          serial_bayou_pond_d, serial_bayou_ford_a, kennysheep_generic_room_3
D:3:      layout_basic, zin_angel, mainiacjoe_overflow_brackets,
          mainiacjoe_overflow_cross_hatched, minivault_27
D:4:      layout_rooms, mainiacjoe_overflow_alcove_2,
          mainiacjoe_overflow_tiny_flanked, minmay_temple_entry_fiery,
          serial_shops, shop, uniq_duvessa, uniq_ijyb, uniq_pikel, uniq_sigmund
D:5:      layout_basic, mainiacjoe_overflow_concentric_impassable,
          nicolae_uskayaw_murder_on_the_dancefloor, gup_sewer_entry_glass
D:6:      layout_rooms, mainiacjoe_overflow_boulevard, grunt_decor_cap,
          nicolae_figureground_sparkle, uniq_grinder, uniq_maggie
D:7:      layout_rooms, kiku_gazebo_garden_becter, kennysheep_little_box,
          kennysheep_orc_sif_temple
D:8:      cheibrodos_grave_circle, layout_rooms
D:9:      layout_rooms, okawaru_altar_gauntlet_db, mainiacjoe_overflow_alcove_1,
          trog_three_pillars_becter, david_lair_shrubbed
D:10:     layout_roguey, minmay_orc_entry_temple_large
D:11:     layout_gridville, serial_shops, nicolae_lakefront_shop
D:12:     layout_cave_pools, ebering_ghost_gozag
D:13:     kennysheep_seaside_town, layout_long_grid, david_vaults_1,
          nicolae_shop_sticking_my_neck_out
D:14:     layout_basic, nicolae_trove_entry_crossroad, lemuel_old_faithful
D:15:     gammafunk_enter_depths_forms, layout_basic,
          nicolae_wu_jian_wuxing_cycle
Temple:   hellmonk_temple_two_chambers
Lair:1:   statuecave_lemuel, layout_chaotic_city, serial_bayou_shore_a,
          grunt_megastairs_1
Lair:2:   layout_regular_city, palyth_hydra_swamp_entry,
          minmay_snake_entry_guardpost_small, beast_lair_carwin_4,
          infiniplex_staircase_pool, grunt_megastairs_5
Lair:3:   layout_loops_ring, lemuel_fruit_fields
Lair:4:   layout_regular_city
Lair:5:   evilmike_catoblepas_cave, layout_hall_layers, slime_entry_1
Swamp:1:  layout_basic_swamp, portal_ice_cave_entry_ice_statue_two,
          nicolae_swamp_little_swirl, hangedman_swamp_ravenous
Swamp:2:  layout_falls_marsh, nicolae_swamp_godswood
Swamp:3:  layout_basic_swamp, evilmike_swamp_ruin_house_1
Swamp:4:  swamp_alternative, layout_basic_swamp, gammafunk_ghost_cemetery,
          uniq_nikola
Snake:1:  layout_misc_corridors, grunt_ministairs_7, drop_trap,
          lemuel_fruit_tree
Snake:2:  layout_misc_corridors, grunt_megastairs_4, minmay_shop_star
Snake:3:  layout_onion_interference, nrook_loot_triangle, minmay_shop_grove
Snake:4:  grunt_snake_rune_serpentine_throne, layout_cave_town,
          nicolae_snake_magic_snake_eye, serial_bayou_shore_b,
          grunt_megastairs_3
Orc:1:    layout_diamond_mine, basic_altar
Orc:2:    st_orc_mages, layout_caves
Vaults:1: hellmonk_ghost_big_iron, hangedman_vaults_stretched_pinwheel,
          nicolae_vaults_network_quincunx
          [nicolae_vaults_network_quincunx_subvault,
          nicolae_vaults_network_quincunx_subvault,
          nicolae_vaults_network_quincunx_subvault,
          nicolae_vaults_network_quincunx_subvault,
          nicolae_vaults_network_quincunx_subvault], grunt_vaults_funnel,
          v_pattern_5, vaults_mumra_chevron_long, vaults_room_grid,
          ontoclasm_vaults_ring_square, vaults_dpeg_hooks,
          nicolae_vaults_little_squares_4, layout_vaults_omnicross,
          serial_shops, nicolae_shop_overgrown_old_shop,
          nicolae_shop_bloodbath_and_beyond
Vaults:2: vaults_room_corners, grunt_vaults_focal, v_misc_31, v_misc_14,
          vaults_room_stairs_pillars, hangedman_vaults_corner, serial_ice_h,
          v_misc_22, nicolae_vaults_little_squares_2, v_alt_pattern_3,
          hangedman_vaults_locks, nicolae_vaults_what_the_h,
          nicolae_vaults_know_your_exits, nicolae_vaults_theta, v_misc_8,
          layout_vaults_omnibox, uniq_asterion
Vaults:3: v_alt_pattern_6, nicolae_vaults_triangles, v_alt_pattern_1,
          nicolae_vaults_border_crossing, grunt_vaults_hallway_short,
          nicolae_vaults_statue_guard, vaults_standard_mumra_enter_the_diamond,
          minmay_crypt_entry_simple_box, layout_vaults_omnigrid, serial_shops,
          statue_bzr, uniq_aizul
Vaults:4: ontoclasm_vaults_claustrophobia, v_rooms_3, vaults_dpeg_encased_lava,
          ontoclasm_vaults_ring_large, vaults_mumra_minichess, door_vault,
          vaults_standard_mumra_enter_the_diamond,
          vaults_mumra_minichess_inversion, nicolae_vaults_circle_grid_a,
          hangedman_vaults_slice, grunt_vaults_bifocal,
          layout_vaults_maze_snakey

Skill      XL: |  1  2  3  4  5  6  7  8  9 10 11 12 13 14 15 16 17 18 19 20 |
---------------+-------------------------------------------------------------+-----
Stealth        | 2 3 4 5 |  5.0
Dodging        | 2 3 4 5 6 8 9 10 11 12 13 14 15 | 15.0
Fighting       | 1 2 3 4 6 7 8 9 10 12 13 14 15 16 | 16.3
Ice Magic      | 4 5 6 7 8 9 10 11 12 14 15 17 20 | 20.0
Spellcasting   | 3 4 6 7 8 9 10 11 12 13 14 15 | 15.0
Necromancy     | 2 5 6 9 |  9.0
Conjurations   | 1 3 5 6 8 9 10 | 10.0
Shields        | 3 5 7 10 | 10.0
Air Magic      | 4 5 6 8 |  8.0
Long Blades    | |  0.5

Action                   |  1- 3 |  4- 6 |  7- 9 | 10-12 | 13-15 | 16-18 | 19-21 || total
-------------------------+-------+-------+-------+-------+-------+-------+-------++-------
Melee: Unarmed           |     7 |       |       |       |       |       |       ||     7
       Dagger            |    16 |       |       |       |       |       |       ||    16
       Club              |    10 |       |       |       |       |       |       ||    10
       Hand axe          |    12 |       |       |       |       |       |       ||    12
       Spear             |    86 |    32 |       |       |       |       |       ||   118
       Rapier            |       |    10 |       |       |       |       |       ||    10
       Touch             |       |     6 |    30 |    55 |    64 |       |       ||   155
       Falchion          |       |    25 |   153 |    99 |     4 |       |       ||   281
       Punch             |       |     1 |     4 |     3 |     6 |       |       ||    14
       Kick              |       |       |       |    73 |   140 |    82 |    34 ||   329
       Staff             |       |       |       |   122 |   286 |   104 |    22 ||   534
       Demon blade       |       |       |       |       |     3 |    49 |    22 ||    74
Throw: Dart              |       |       |     6 |       |     2 |       |       ||     8
 Cast: Freeze            |    45 |     2 |       |       |    18 |    10 |       ||    75
       Frozen Ramparts   |       |     5 |    16 |    30 |    32 |     6 |       ||    89
       Necrotise         |       |     9 |    22 |   122 |   140 |       |       ||   293
       Ozocubu's Armour  |       |       |     6 |    18 |    33 |    25 |     1 ||    83
       Hailstorm         |       |       |     2 |    65 |    54 |    21 |     5 ||   147
       Mephitic Cloud    |       |       |       |    23 |    11 |       |       ||    34
       Freezing Cloud    |       |       |       |       |   141 |   200 |     4 ||   345
       Vampiric Draining |       |       |       |       |     9 |     9 |     5 ||    23
       Lightning Bolt    |       |       |       |       |       |   254 |       ||   254
       Animate Dead      |       |       |       |       |       |    33 |       ||    33
       Ozocubu's Refrige |       |       |       |       |       |   117 |   258 ||   375
       Conjure Ball Ligh |       |       |       |       |       |    17 |    36 ||    53
Evoke: Wand              |       |       |       |     1 |     3 |    18 |    21 ||    43
  Use: Scroll            |     5 |       |    14 |     3 |    14 |    13 |     3 ||    52
       Potion            |       |       |     1 |     3 |       |     3 |       ||     7
 Stab: Sleeping          |     7 |     5 |     9 |     2 |     5 |     1 |       ||    29
       Distracted        |       |       |       |     2 |     1 |     1 |       ||     4
       Confused          |       |       |       |     5 |     4 |       |       ||     9
       Paralysed         |       |       |       |       |       |       |     3 ||     3
Armor: Robe              |    51 |    17 |       |       |       |       |    43 ||   111
       Leather armour    |       |     6 |    17 |       |       |       |       ||    23
       Steam dragon scal |       |       |    16 |   132 |   194 |   113 |       ||   455
       Swamp dragon scal |       |       |       |       |       |    48 |     4 ||    52
Dodge: Dodged            |   126 |    70 |   124 |   314 |   347 |   324 |   108 ||  1413
Block: Buckler           |       |       |       |       |    20 |   150 |     8 ||   178
       Kite shield       |       |       |       |       |       |       |   111 ||   111
       Reflection        |       |       |       |       |       |       |    10 ||    10
